 Dungeon Crawl Stone Soup version 0.27.0-1-g7a089689b8 (webtiles) character file.

Game seed: 11383953297884143969

109 shoop the Magician (level 5, -2/35 HPs)
             Began as a Djinni Hedge Wizard on July 31, 2021.
             Was a Believer of Lugonu.
             Slain by a gnoll (5 damage)
             ... on level 3 of the Dungeon.
             The game lasted 00:04:25 (3457 turns).

shoop the Magician (Djinni Hedge Wizard)            Turns: 3457, Time: 00:04:25

Health: -2/35      AC:  2    Str:  9    XL:     5   Next: 13%
Gold:   109        EV: 12    Int: 17    God:    Lugonu [**....] SH:  0 Dex: 12

rFire    + + .     SeeInvis .   k - +2 short sword (venom)
rCold    x . .     Faith    .   (no shield)
rNeg     . . .     Spirit   .   b - +0 robe
rPois    ∞         Reflect  .   c - +0 hat
rElec    .         Harm     .   (no cloak)
rCorr    .         Rampage  .   (no gloves)
Will     .....                  (boots unavailable)
Stlth    ++........             (no amulet)
HPRegen  0.11/turn              (no ring)
MPRegen  0.00/turn              (no ring)

@: flying, very slightly contaminated
A: sickness immunity, fire resistance 2, cold vulnerability 1, float, innate
caster, hp casting, extra vitality 1
a: Renounce Religion, Depart the Abyss, Bend Space


You were on level 3 of the Dungeon.
You worshipped Lugonu.
Lugonu was pleased with you.
You visited 1 branch of the dungeon, and saw 3 of its levels.

You collected 109 gold pieces.

Inventory:

Hand Weapons
 a - a +0 dagger
 f - a +0 hand axe
 h - a +2 short sword of protection
 j - a +1 mace of venom
 k - a +2 short sword of venom (weapon)
Armour
 b - a +0 robe (worn)
 c - a +0 hat (worn)
Scrolls
 d - 2 scrolls of noise {unknown}
 e - a scroll of identify {unknown}
 g - a scroll of torment {unknown}
 i - a scroll of magic mapping {unknown}
 m - a scroll of vulnerability {unknown}
 n - a scroll of blinking {unknown}
Potions
 l - a potion of curing {unknown}
 o - a potion of heal wounds {unknown}


   Skills:
 - Level 2.1 Dodging
 + Level 1.5 Stealth
 + Level 4.2 Spellcasting


You couldn't memorise any spells.
You knew the following spells:

 Your Spells              Type           Power      Damage    Failure   Level
a - Magic Dart            Conj           72%        1d6       2%          1
b - Blink                 Tloc           N/A        N/A       4%          2
c - Call Imp              Summ           18%        N/A       4%          2
d - Slow                  Hex            18%        N/A       4%          2
e - Conjure Flame         Conj/Fire      18%        6-21      9%          3
f - Mephitic Cloud        Conj/Pois/Air  18%        N/A       9%          3
g - Shock                 Conj/Air       72%        1d7       2%          1
h - Ensorcelled Hibernat  Hex/Ice        36%        N/A       4%          2
Your spell library was empty.

Dungeon Overview and Level Annotations

Branches:
Dungeon (3/15)

Altars:
Elyvilon
Lugonu

Annotations:
D:2 1 runed translucent door, Crazy Yiuf


Innate Abilities, Weirdness & Mutations

You are immune to sickness and miasma.
You are immune to poison.
Your flesh is very heat resistant. (rF++)
You are vulnerable to cold. (rC-)
You float through the air rather than walking.
You learn spells naturally, not from books.
Your magical power is your life essence.
You have superior vitality. (+4 HP)


Message History

Aiming: Magic Dart (safe; 2% risk of failure)
Press: ? - help, Shift-Dir - straight line, f - gnoll
Aim: a gnoll, wielding a +0 flail (100% to hit)
You miscast Magic Dart.
Nothing appears to happen.
Casting: Magic Dart (safe; 2% risk of failure)
Confirm with . or Enter, or press ? or * to list all spells.
Aiming: Magic Dart (safe; 2% risk of failure)
Press: ? - help, Shift-Dir - straight line, f/p - gnoll
Aim: a gnoll, wielding a +0 flail (100% to hit)
You miscast Magic Dart.
Nothing appears to happen.
Casting: Magic Dart (safe; 2% risk of failure)
Confirm with . or Enter, or press ? or * to list all spells.
Aiming: Magic Dart (safe; 2% risk of failure)
Press: ? - help, Shift-Dir - straight line, f/p - gnoll
Aim: a gnoll, wielding a +0 flail (100% to hit)
The magic dart hits the gnoll but does no damage.
You hit the gnoll.
The gnoll is moderately wounded.
The gnoll hits you with a +0 flail!
* * * LOW HITPOINT WARNING * * *
Okay, then.
Casting: Magic Dart (safe; 2% risk of failure)
Confirm with . or Enter, or press ? or * to list all spells.
You blink.
* * * LOW HITPOINT WARNING * * *
Casting: Blink (safe; 4% risk of failure)
Confirm with . or Enter, or press ? or * to list all spells.
Aiming: Mephitic Cloud (dangerous; 9% risk of failure)
Press: ? - help, Shift-Dir - straight line, f/p - gnoll
Aim: a gnoll, wielding a +0 flail (moderately wounded, chance to affect: 91%)
The ball explodes into a vile cloud!
The stinking cloud engulfs the gnoll but does no damage.
The gnoll is moderately wounded.
* * * LOW HITPOINT WARNING * * *
You hear an angry hiss.
The gnoll is engulfed in noxious fumes.
The gnoll appears confused.
You barely miss the gnoll.
The gnoll is moderately wounded.
The gnoll hits you with a +0 flail.
You die...

####...###.# #.# # #...###.#
#.# ####...#.†.# ##.#######
.......#.#.########.........
####..##.#.........).....##.
#.....#.....#............
#..#######..#...#.###....
##....#...............##.
#.##.#....#.@.>..### #
####.##.#.###..g○..##
#....##...##..○○☼.##
#.##########..##○######.#
#.# #...###.......# #.#
#..## #.####### #.# #..# #.#
#.# #..# #.##### #.# #..#
#.....#


You could see a gnoll (confused).

Vanquished Creatures
  4 adders
  2 gnolls (D:3)
  A dart slug (D:2)
  7 bats
  8 endoplasms
  3 giant cockroaches
  4 goblins (D:1)
  A hobgoblin (D:2)
  7 jackals
  2 quokkas
  3 ball pythons
  2 frilled lizards
  4 kobolds
  2 rats
50 creatures vanquished.

Vanquished Creatures (others)
  A plant (D:1)
  7 toadstools (D:1)
8 creatures vanquished.

Grand Total: 58 creatures vanquished

Notes
Turn   | Place    | Note
-------+----------+-------------------------------------------
     0 | D:1      | shoop the Djinni Hedge Wizard began the quest for the Orb.
     0 | D:1      | Reached XP level 1. HP: 15/15 MP: 0/0
   381 | D:1      | Reached XP level 2. HP: 18/21 MP: 0/0
   597 | D:1      | Reached skill level 3 in Spellcasting
  1086 | D:1      | Reached XP level 3. HP: 19/25 MP: 0/0
  1086 | D:1      | Learned a level 1 spell: Shock
  1917 | D:2      | Found a faded altar of an unknown god.
  1925 | D:2      | Became a worshipper of Lugonu the Unformed
  1925 | D:2      | Reached * piety under Lugonu
  1925 | D:2      | Reached ** piety under Lugonu
  1962 | D:2      | Reached XP level 4. HP: 28/31 MP: 0/0
  2114 | D:2      | Found a runed translucent door.
  2115 | D:2      | Noticed Crazy Yiuf
  2677 | D:3      | Found a white marble altar of Elyvilon.
  3134 | D:3      | Reached skill level 4 in Spellcasting
  3435 | D:3      | Reached XP level 5. HP: 29/35 MP: 0/0
  3435 | D:3      | Learned a level 2 spell: Ensorcelled Hibernation
  3457 | D:3      | Slain by a gnoll

Illustrated notes

Levels and vault maps discovered:
D:1:      nagdon_arrival_double_spiral, layout_rooms, chequers_big_river,
          minmay_misc_feat_columns, nrook_campfire
D:2:      layout_basic, shapermc_ecumenical_altar_starsandcircs,
          minmay_tetromino_i2, uniq_crazy_yiuf_cottage
D:3:      layout_loops_ring, elyvilon_altar_1, uniq_natasha

Skill      XL: |  1  2  3  4 |
---------------+-------------+-----
Spellcasting   | 3 4 |  4.2
Dodging        | |  2.1
Stealth        | |  1.5

Action                   |  1- 3 |  4- 6 || total
-------------------------+-------+-------++-------
Melee: Short sword       |     8 |     7 ||    15
 Cast: Magic Dart        |    73 |    46 ||   119
       Blink             |     1 |     1 ||     2
       Mephitic Cloud    |       |     3 ||     3
 Stab: Confused          |       |     1 ||     1
Armor: Robe              |     4 |     1 ||     5
Dodge: Dodged            |    16 |     6 ||    22
